 Dungeon Crawl Stone Soup version 0.17.0-9-g801d43b (webtiles) character file.

133 inmateoo the Ducker (level 5, -2/42 HPs)
             Began as a Merfolk Fire Elementalist on Nov 9, 2015.
             Slain by an orc wizard
             ... wielding a +0 dagger
              (4 damage)
             ... on level 3 of the Dungeon.
             The game lasted 00:05:43 (3739 turns).

inmateoo the Ducker (Merfolk Fire Elementalist)     Turns: 3739, Time: 00:05:43

Health: -2/42      AC:  3    Str: 14    XL:     5   Next: 16%
Magic:  4/8        EV: 15    Int: 15    God:
Gold:   140        SH:  0    Dex: 14    Spells: 1 memorised, 7 levels left

rFire  . . .     SeeInvis .     g - +1 short sword
rCold  . . .     Clarity  .     h - +0 leather armour
rNeg   . . .     SustAt   .     (no shield)
rPois  .         Gourm    .     (no helmet)
rElec  .         Spirit   .     (no cloak)
rCorr  .         Warding  .     (no gloves)
rMut   .         Stasis   .     (no boots)
MR     .....                    (no amulet)
Stlth  ++........               (no ring)
                                a - +1 ring of evasion

@: mighty, flying, not resistant to hostile enchantments, unstealthy
A: change form in water, swift swim
a: no special abilities


You were on level 3 of the Dungeon.
You were not hungry.

You visited 1 branch of the dungeon, and saw 3 of its levels.

You collected 140 gold pieces.

Inventory:

Hand Weapons
 d - a +0 club
 g - a +1 short sword (weapon)
Armour
 h - a +0 leather armour (worn)
Jewellery
 a - a +1 ring of evasion (left hand)
Scrolls
 f - a scroll of remove curse
Books
 b - a book of Flames

   Spells                             Type                      Level
   a - Flame Tongue                   Conjuration/Fire             1
   b - Throw Flame                    Conjuration/Fire             2
   c - Conjure Flame                  Conjuration/Fire             3
   d - Inner Flame                    Hexes/Fire                   3
   e - Sticky Flame                   Conjuration/Fire             4
   f - Fireball                       Conjuration/Fire             5
Comestibles
 c - 2 bread rations


   Skills:
 * Level 4.0 Fighting
 + Level 4.5 Dodging
 - Level 2.1 Stealth
 - Level 2.0 Spellcasting
 - Level 0.7 Conjurations
 - Level 2.1 Fire Magic


You had 7 spell levels left.
You knew the following spells:

 Your Spells              Type           Power        Failure   Level  Hunger
a - Flame Tongue          Conj/Fire      #....        21%         1    #......


Dungeon Overview and Level Annotations

Branches:
Dungeon (3/15)

Altars:
Fedhas
Nemelex Xobeh

Annotations:
D:2 Sigmund


Message History

You puncture the orc!
You kill the orc!
The orc wizard mumbles some strange words.
The orc wizard blinks!
The giant gecko barely misses you.
Unknown command.
Unknown command.
You miss the giant gecko. The giant gecko closely misses you.
The giant gecko barely misses you.
Unknown command.
Unknown command.
You miss the giant gecko. The giant gecko closely misses you.
Unknown command.
You completely miss the giant gecko. The giant gecko bites you.
* * * LOW HITPOINT WARNING * * *
Unknown command.
Your leather armour prevents you from hitting the giant gecko.
The giant gecko bites you.
* * * LOW HITPOINT WARNING * * *
The orc wizard hits you with a dagger.
You die...

...............#
...............#
##............##
.............##
##........####
..##.....##
#.......#
#.....ol#
#.....[@#
##.....##
##...## #####


You could see an orc wizard and a giant gecko.

Vanquished Creatures
  An orc wizard (D:3)
  Jessica (D:3)
  An adder (D:2)
  An ooze (D:2)
  2 worms (D:2)
  2 giant geckos (D:1)
  An orc (D:3)
  A ball python (D:2)
  13 bats
  4 giant cockroaches
  4 goblins
  9 hobgoblins
  2 giant newts (D:1)
  7 kobolds
  6 rats
55 creatures vanquished.

Vanquished Creatures (others)
  A bat (D:3)
1 creature vanquished.

Grand Total: 56 creatures vanquished

Notes
Turn   | Place    | Note
--------------------------------------------------------------
     0 | D:1      | inmateoo the Merfolk Fire Elementalist began the quest for the Orb.
     0 | D:1      | Reached XP level 1. HP: 13/13 MP: 3/3
   646 | D:1      | Reached skill level 1 in Fighting
   844 | D:1      | Reached XP level 2. HP: 19/21 MP: 5/5
   936 | D:1      | Reached skill level 3 in Dodging
  1701 | D:1      | Reached XP level 3. HP: 25/28 MP: 6/6
  2164 | D:2      | Found a blossoming altar of Fedhas.
  2550 | D:2      | Reached XP level 4. HP: 24/35 MP: 7/7
  2710 | D:2      | Reached skill level 4 in Dodging
  3057 | D:2      | Noticed Sigmund
  3058 | D:2      | Found a sparkling altar of Nemelex Xobeh.
  3478 | D:3      | Noticed Jessica
  3508 | D:3      | Killed Jessica
  3710 | D:3      | Reached XP level 5. HP: 37/42 MP: 0/8
  3739 | D:3      | HP: 2/42 [giant gecko (2)]
  3739 | D:3      | Slain by an orc wizard

Action                   |  1- 3 |  4- 6 || total
-------------------------+-------+-------++-------
Melee: Club              |    59 |       ||    59
       Short sword       |    77 |    94 ||   171
 Cast: Flame Tongue      |     7 |     9 ||    16
  Use: Scroll            |     5 |     3 ||     8
       Potion            |     1 |     3 ||     4
 Stab: Sleeping          |     6 |       ||     6
  Eat: Chunk             |     5 |     3 ||     8
       Pizza             |       |     1 ||     1
